 Dungeon Crawl Stone Soup version 0.26.1-11-gd32895ea62 (webtiles) character file.

Game seed: 16311304592895893700

14 jlumianski the Caller (level 2, 0/11 HPs)
             Began as a Felid Summoner on June 1, 2021.
             Succumbed to a kobold's poison
             ... on level 2 of the Dungeon.
             The game lasted 00:04:32 (1277 turns).

jlumianski the Caller (Felid Summoner)              Turns: 1277, Time: 00:04:33

Health: 0/11       AC:  1    Str:  4    XL:     2   Next: 31%
Magic:  2/6        EV: 18    Int: 16    God:
Gold:   43         SH:  0    Dex: 16    Spells: 2/5 levels left
                                        Lives:  0   Deaths: 0

rFire    . . .     SeeInvis +   (weapon unavailable)
rCold    . . .     Faith    .   (shield unavailable)
rNeg     . . .     Spirit   .   (armour unavailable)
rPois    .         Reflect  .   (helmet unavailable)
rElec    .         Harm     .   (cloak unavailable)
rCorr    .         Rampage  .   (gloves unavailable)
Will     .....                  (boots unavailable)
Stlth    +++.......             (no amulet)
HPRegen  0.03/turn              (no ring)
MPRegen  0.10/turn              (no ring)

@: lethally poisoned (0 -> -7), attractive, quick
A: very small, no armour, no weapons or thrown items, stealth, claws 1, fangs 3,
see invisible, speed 1, shaggy fur 1, sharp paws
a: no special abilities


You were on level 2 of the Dungeon.
You visited 1 branch of the dungeon, and saw 2 of its levels.

You collected 43 gold pieces.

Inventory:

Scrolls
 a - 5 scrolls of identify {unknown}
 b - 2 scrolls of enchant armour {unknown}
 c - a scroll of random uselessness {unknown}
 d - a scroll of blinking {unknown}


   Skills:
 + Level 2.8 Dodging
 + Level 3.0 Stealth
 + Level 0.1 Unarmed Combat
 + Level 2.1 Spellcasting
 + Level 4.3 Summonings


You had 2 spell levels left.
You knew the following spells:

 Your Spells              Type           Power        Failure   Level
a - Summon Small Mammal   Summ           60%          3%          1
b - Call Imp              Summ           15%          5%          2

Your spell library contained the following spells:

 Spells                   Type           Power        Failure   Level
 Call Canine Familiar     Summ           15%          11%         3
 Summon Guardian Golem    Hex/Summ       8%           26%         3
 Summon Ice Beast         Ice/Summ       8%           63%         4
 Summon Lightning Spire   Summ/Air       8%           63%         4


Dungeon Overview and Level Annotations

Branches:
Dungeon (2/15)

Altars:
Ru


Innate Abilities, Weirdness & Mutations

You cannot wear armour.
You are incapable of wielding weapons or throwing items.
Your paws allow you to move quietly. (Stealth)
You have sharp claws.
You have razor-sharp teeth.
You have supernaturally acute eyesight. (SInv)
You cover ground quickly.
You are covered in fur. (AC +1)
Your sharp claws are effective at attacking unaware monsters.


Message History

Your rat disappears in a puff of smoke!
The kobold throws a poisoned dart.
The poisoned dart closely misses your white imp.
The poisoned dart misses you.
* * * LOW HITPOINT WARNING * * *
You feel sick.
The kobold throws a poisoned dart.
The poisoned dart misses your white imp.
The poisoned dart misses you.
Your white imp gestures at the kobold.
The puff of frost hits the kobold!
The kobold dies!
* * * LOW HITPOINT WARNING * * *
You feel sick.
It was a potion of attraction.
You feel attractive to monsters.
* * * LOW HITPOINT WARNING * * *
You feel sick.
* * * LOW HITPOINT WARNING * * *
You feel sick.
You die...

#### ### ##...#
#.# ##@# #.#.#
##5## ##.#
#.##.## ######.##
##.((#
.b.r..r5###....#
########.#.##.#.#
##.###..... #.#
#.8...8.
........#
#...?....


You could see a friendly white imp (summoned).

Vanquished Creatures
  A hobgoblin (D:1)
  A bat (D:1)
  A rat (D:2)
3 creatures vanquished.

Vanquished Creatures (collateral kills)
  A leopard gecko (D:1)
  2 bats (D:1)
  A hobgoblin (D:1)
  4 jackals (D:2)
  3 kobolds
  4 rats
15 creatures vanquished.

Grand Total: 18 creatures vanquished

Notes
Turn   | Place    | Note
-------+----------+-------------------------------------------
     0 | D:1      | jlumianski the Felid Summoner began the quest for the Orb.
     0 | D:1      | Reached XP level 1. HP: 7/7 MP: 4/4
  1161 | D:2      | Found a sacrificial altar of Ru.
  1175 | D:2      | Reached XP level 2. HP: 11/11 MP: 0/6
  1210 | D:2      | Learned a level 2 spell: Call Imp
  1223 | D:2      | Noticed an ogre
  1277 | D:2      | Succumbed to a kobold's poison

Illustrated notes

Levels and vault maps discovered:
D:1:      minmay_arrival_diagonal_passages, layout_loops_corners
D:2:      layout_loops_ring, gammafunk_temple_overflow_forgotten,
          lemuel_crystal_altar, minmay_hedge_maze, kennysheep_crisscross

Skill      XL: |  1  2 |
---------------+-------+-----
Stealth        | 3 |  3.0
Dodging        | |  2.8
Unarmed Combat | |  0.1
Spellcasting   | |  2.1
Summonings     | |  4.3

Action                   || total
-------------------------++-------
Melee: Unarmed           ||    19
       Bite              ||     1
 Cast: Summon Small Mamm ||    35
       Call Imp          ||     2
  Use: Potion            ||     1
 Stab: Sleeping          ||     1
Armor: Skin              ||     3
Dodge: Dodged            ||    27
